 Dungeon Crawl Stone Soup version 0.28.0-62-gf88900778d (webtiles) character file.

Game seed: 13270846424473516554

25 infinitevox the Cutter (level 2, 0/19 HPs)
             Began as a Demonspawn Wanderer on May 2, 2023.
             Slain by an adder (1 damage)
             ... on level 2 of the Dungeon.
             The game lasted 00:03:37 (1179 turns).

infinitevox the Cutter (Demonspawn Wanderer)        Turns: 1179, Time: 00:03:37

Health: 0/19       AC:  5    Str: 10 (13) XL:     2   Next: 82%
Magic:  3/3        EV:  9    Int: 13 (14) God:
Gold:   41         SH:  0    Dex:  7 (10) Spells: 2/3 levels left

rFire   . . .      SeeInvis .   a - +2 short sword
rCold   . . .      Faith    .   (no shield)
rNeg    . . .      Spirit   .   b - +0 ring mail
rPois   .          Reflect  .   (helmet restricted)
rElec   .          Harm     .   (no cloak)
rCorr   .          Rampage  .   (no gloves)
Will    .....                   (no boots)
Stlth   +.........              (no amulet)
HPRegen 0.06/turn               (no ring)
MPRegen 0.08/turn               (no ring)

@: brilliant, lethally poisoned (0 -> -2), flying
A: powered by death 1, antennae 1, talons 1
a: no special abilities


You were on level 2 of the Dungeon.
You visited 1 branch of the dungeon, and saw 2 of its levels.

You collected 41 gold pieces.

Inventory:

Hand Weapons
 a - a +2 short sword (weapon)
Armour
 b - a +0 ring mail (worn)
Scrolls
 c - 3 scrolls of identify {unknown}


   Skills:
 - Level 4.0 Short Blades
 + Level 2.6 Armour
 - Level 1.0 Stealth
 - Level 1.0 Spellcasting
 + Level 1.0 Hexes
 - Level 1.0 Evocations


You had 2 spell levels left.
You knew the following spells:

 Your Spells              Type           Power      Damage    Failure   Level
a - Slow                  Hex            20%        N/A       41%         1

Your spell library contained the following spells:

 Spells                   Type           Power      Damage    Failure   Level
 Static Discharge         Conj/Air       0%         N/A       71%         2
 Confusing Touch          Hex            5%         N/A       80%         3
 Dispel Undead            Necr           0%         3d6       100%        4
 Sticky Flame             Conj/Fire      0%         2d3       100%        4


Dungeon Overview and Level Annotations

Branches:
Dungeon (2/15)

Altars:


Innate Abilities, Weirdness & Mutations

You regenerate a little health from kills.
You have a pair of small antennae on your head.
You have sharp toenails.


Message History

You barely miss the adder.
The adder is severely wounded.
The adder bites you but does no damage.
You miss the adder.
The adder is severely wounded.
The adder bites you.
You are poisoned.
The adder poisons you! The adder bites you.
You are more poisoned.
The adder poisons you!
You hit the adder but do no damage.
The adder is severely wounded.
You feel very sick. The adder bites you.
You hit the adder.
The adder is almost dead.
You feel sick. The adder closely misses you.
You barely miss the adder.
The adder is almost dead.
You feel sick. The adder bites you.
* * * LOW HITPOINT WARNING * * *
It was a potion of mutation.
You feel extremely strange.
Your toenails lengthen and sharpen.
A pair of antennae grows on your head!
* * * LOW HITPOINT WARNING * * *
You feel sick. The adder barely misses you.
It was a potion of brilliance.
You feel clever all of a sudden.
* * * LOW HITPOINT WARNING * * *
You feel sick. The adder closely misses you. The adder misses you.
It was a potion of degeneration.
There was something very wrong with that liquid.
You feel weakened.
You feel dopey.
You feel clumsy.
* * * LOW HITPOINT WARNING * * *
You feel sick. The adder bites you but does no damage.
It was a potion of flight.
You feel very buoyant.
You fly up into the air.
* * * LOW HITPOINT WARNING * * *
You feel sick. The adder bites you.
You die...

#.# ####......#
#.#..........
#.###.........#
#.#..########
....#.........# #.#.....#
#.#.#.........# #..##.#
#.#...........# #.>.#.#
..#...........# #...#.#
########......# ##+##.#
......############## #.....#
#####.# #.@S.# #.....# # #.#
#.##.# #.....# # #.# #.# #
#.....# # #.# ####.# #.....#
# #.# #..#.# #.....# #
#.######..#.######.....#
#####.........#......#.....#
+.............######.#.....#
######........#....#.#.)...#


You could see an adder.

Vanquished Creatures
  A dart slug (D:1)
  2 endoplasms (D:1)
  4 goblins (D:1)
  2 hobgoblins
  2 jackals (D:1)
  A bat (D:1)
  A frilled lizard (D:1)
  5 kobolds
  3 rats (D:1)
  A toadstool (D:1)
22 creatures vanquished.

Vanquished Creatures (others)
  3 toadstools (D:1)
3 creatures vanquished.

Grand Total: 25 creatures vanquished

Notes
Turn   | Place    | Note
-------+----------+-------------------------------------------
     0 | D:1      | infinitevox the Demonspawn Wanderer began the quest for the
                  | Orb.
     0 | D:1      | infinitevox set off with the following items: a +2 short
                  | sword, a +0 ring mail; and the following spell memorised:
                  | Slow; and the following spells available to memorise:
                  | Confusing Touch
     0 | D:1      | Reached XP level 1. HP: 13/13 MP: 2/2
   118 | D:1      | Reached skill level 4 in Short Blades
   140 | D:1      | Gained mutation: You regenerate a little health from kills.
                  | [demonic ancestry]
   140 | D:1      | Reached XP level 2. HP: 19/19 MP: 3/3
  1176 | D:2      | Gained mutation: You have sharp toenails. [potion of
                  | mutation]
  1176 | D:2      | Gained mutation: You have a pair of small antennae on your
                  | head. [potion of mutation]
  1179 | D:2      | Slain by an adder

Illustrated notes

Levels and vault maps discovered:
D:1:      ldierk_water_garden, layout_basic, kennysheep_another_room
D:2:      layout_basic, serial_shops, shop, minmay_misc_feat_tower,
          minmay_misc_feat_encased, patterned_corridor

Skill      XL: |  1  2 |
---------------+-------+-----
Short Blades   | 4 |  4.0
Armour         | 2 |  2.6
Stealth        | |  1.0
Spellcasting   | |  1.0
Hexes          | |  1.0
Evocations     | |  1.0

Action                   || total
-------------------------++-------
Melee: Short sword       ||    72
       Punch             ||     1
  Use: Potion            ||     4
Armor: Ring mail         ||    24
Dodge: Dodged            ||    33
